 Dungeon Crawl Stone Soup version 0.31.0-9-g3a7656b989 (webtiles) character file.

Game seed: 8971516835268332849

43 qw the Shooter (level 3, -5/20 HPs)
             Began as a Deep Elf Hunter on Feb 2, 2024.
             Slain by a gnoll
             ... wielding a +0 flail
              (10 damage)
             ... on level 2 of the Dungeon.
             The game lasted 00:00:06 (1340 turns).

qw the Shooter (Deep Elf Hunter)                    Turns: 1340, Time: 00:00:06

Health: -5/20      AC:  5    Str: 10    XL:     3   Next: 37%
Magic:  5/5        EV: 11    Int: 13    God:
Gold:   80         SH:  0    Dex: 18    Spells: 2/2 levels left

rFire   . . .        a - +1 shortbow
rCold   . . .        (shield currently unavailable)
rNeg    . . .        g - +0 ring mail
rPois   .            (no helmet)
rElec   .            (no cloak)
rCorr   .            (no gloves)
SInv    .            (no boots)
Will    .....        (no amulet)
Stlth   +            (no ring)
HPRegen 0.23/turn    (no ring)
MPRegen 0.09/turn

%: no passive effects
@: no status effects
A: no striking features
a: no special abilities


You were on level 2 of the Dungeon.
You visited 1 branch of the dungeon, and saw 2 of its levels.

You collected 80 gold pieces.


   Skills:
 - Level 1.5 Fighting
 + Level 6.9 Ranged Weapons
 - Level 2.4 Dodging
 - Level 1.2 Stealth


You had 2 spell levels left.
You didn't know any spells.
Your spell library was empty.

Inventory:

Hand Weapons
 a - a +1 shortbow (weapon)
Armour
 g - a +0 ring mail (worn)
Potions
 b - a potion of enlightenment {unknown}
 d - a potion of curing
 e - 2 potions of mutation {unknown}

Dungeon Overview and Level Annotations

Branches:
Dungeon (2/15)

Altars:


Message History

Enter note: You shoot an arrow.
The arrow hits the gnoll.
The gnoll is moderately wounded.
You shoot an arrow. The arrow hits the gnoll!
The gnoll is heavily wounded.
You shoot an arrow. The arrow hits the gnoll.
The gnoll is almost dead.
You shoot an arrow. The arrow hits the gnoll.
You kill the gnoll!
You have reached level 3!
Your experience leads to an increase in your attributes!
Increase (S)trength, (I)ntelligence, or (D)exterity?
You feel stronger. x2
You shoot an arrow. The arrow barely misses the gnoll.
You shoot an arrow.
The arrow hits the gnoll but does no damage.
The gnoll is moderately wounded.
The gnoll hits you from afar with a +0 spear.
You shoot an arrow. The arrow hits the gnoll!
The gnoll is almost dead.
The gnoll barely misses you.
You shoot an arrow. The arrow hits the gnoll.
You kill the gnoll!
You shoot an arrow.
The arrow hits the gnoll but does no damage.
The gnoll hits you with a +0 flail.
You shoot an arrow. The arrow barely misses the gnoll.
The gnoll misses you.
You shoot an arrow. The arrow closely misses the gnoll.
The gnoll hits you but does no damage.
You shoot an arrow. The arrow hits the gnoll.
The gnoll is heavily wounded.
The gnoll hits you with a +0 flail.
You shoot an arrow. The arrow barely misses the gnoll.
The gnoll hits you with a +0 flail! The gnoll completely misses you.
You shoot an arrow. The arrow hits the gnoll.
The gnoll is severely wounded.
The gnoll hits you with a +0 flail!
Ouch! That really hurt!
You die...

.# .#######
.......# .#####.#
.# .# . ## ## ##
...###. >#
...).).#.# ###.###
#g@.# ####.......
##.##
...........#####.##
.##.[.............#
.##.........##.##.#
..#.........##.##.#
#.#.........##.##.#
#.#.........##.##.#
....#######.##.##.#


You could see a gnoll.

Vanquished Creatures
  2 gnolls (D:2)
  2 dart slugs (D:1)
  5 ball pythons (D:1)
  A goblin (D:1)
  3 hobgoblins (D:1)
  2 bats
  4 kobolds (D:1)
  2 rats (D:1)
21 creatures vanquished.

Notes
Turn   | Place    | Note
-------+----------+-------------------------------------------
     0 | D:1      | qw the Deep Elf Hunter began the quest for the Orb.
     0 | D:1      | Reached XP level 1. HP: 12/12 MP: 3/3
     0 | D:1      | 0 ||| qw: Version: 0.3-a-155-g5e7d8dd
     0 | D:1      | 0 ||| qw: Game counter: 2559
     0 | D:1      | 0 ||| qw: Melee chars always use a shield: true
     0 | D:1      | 0 ||| qw: God list: Okawaru
     0 | D:1      | 0 ||| qw: Allow faded altars: false
     0 | D:1      | 0 ||| qw: Do Orc after clearing Dungeon:15 true
     0 | D:1      | 0 ||| qw: Do second Lair branch before Depths: true
     0 | D:1      | 0 ||| qw: Lair rune preference: random
     0 | D:1      | 0 ||| qw: Goals: Normal
     0 | D:1      | 0 ||| PLANNING D:1-11
   201 | D:1      | Reached skill level 6 in Ranged Weapons
   201 | D:1      | Reached XP level 2. HP: 16/16 MP: 4/4
   708 | D:1      | You fall into a shaft and drop 1 floor!
   718 | D:2      | 718 ||| UPGRADING to +0 ring mail.
   728 | D:2      | 728 ||| DROPPING +0 leather armour.
   729 | D:2      | 729 ||| READING scroll labelled DYOSUWKOASEF.
   729 | D:2      | 729 ||| ENCHANTING +0 shortbow.
   730 | D:2      | 730 ||| DRINKING 2 pink potions.
   731 | D:2      | 731 ||| DROPPING scroll of butterflies.
  1331 | D:2      | Reached XP level 3. HP: 20/20 MP: 5/5
  1339 | D:2      | HP: 5/20 [gnoll/+0 flail (7)]
  1340 | D:2      | Slain by a gnoll

Levels and vault maps discovered:
D:1:      sevenhm_arrival_forest_fort_large_4, layout_basic, grunt_decor_clamped
D:2:      layout_loops_cross, shapermc_ecumenical_altar_rom_forum

Skill      XL: |  1 |
---------------+----+-----
Ranged Weapons | 6 |  6.9
Fighting       | |  1.5
Dodging        | |  2.4
Stealth        | |  1.2

Action                     || total
---------------------------++-------
   Fire: Shortbow          ||    56
    Use: Scroll            ||     1
         Potion            ||     1
 Armour: Leather armour    ||     2
         Ring mail         ||     7
  Dodge: Dodged            ||    14

Table legend:
 A = Non-vault XP
 B = Vault XP
 C = Vault XP percentage of total XP
 D = Non-vault monster count
 E = Vault monster count
 F = Vault count percentage of total count
                 A         B        C        D         E       F
            +---------+---------+-------+---------+---------+-------
      Total |      62 |       0 |   0.0 |      21 |       0 |   0.0
            +---------+---------+-------+---------+---------+-------
        D:1 |      31 |       0 |   0.0 |      18 |       0 |   0.0
        D:2 |      31 |       0 |   0.0 |       3 |       0 |   0.0
            +---------+---------+-------+---------+---------+-------
